 Dungeon Crawl Stone Soup version 0.16.1-51-g6203257 (webtiles) character file.

14148 hannobal the Bludgeoner (level 12, -9/92 HPs)
             Began as a Human Wanderer on July 20, 2015.
             Was a High Priest of Fedhas.
             Killed by divine providence
             ... invoked by an orc priest
              (17 damage)
             ... on level 1 of the Orcish Mines.
             The game lasted 01:20:54 (18241 turns).

hannobal the Bludgeoner (Human Wanderer)           Turns: 18241, Time: 01:20:54

Health: -9/92      AC: 21    Str: 15    XL:     12   Next: 41%
Magic:  12/12      EV:  8    Int: 12    God:    Fedhas [*****.]
Gold:   491        SH:  0    Dex: 15    Spells: 1 memorised, 10 levels left

rFire  + . .     SeeInvis .     a - +2 great mace (flame)
rCold  . . .     Clarity  .     v - +2 chain mail {rF+}
rNeg   . . .     SustAb   .     (no shield)
rPois  .         Gourm    .     E - +0 helmet
rElec  .         Spirit   .     L - +0 cloak
rCorr  .         Warding  .     (no gloves)
rMut   .         Stasis   .     P - +0 pair of boots
MR     .....                    (no amulet)
Stlth  ..........               (no ring)
                                (no ring)

@: very slightly contaminated, not resistant to hostile enchantments, extremely
unstealthy
A: rough black scales 1, thin metallic scales 1, low mp 1
a: Evolution, Sunlight, Growth, Reproduction, Rain, Renounce Religion


You were on level 1 of the Orcish Mines.
You worshipped Fedhas.
Fedhas was extremely pleased with you.
You were not hungry.

You visited 4 branches of the dungeon, and saw 16 of its levels.
You also visited: Ossuary.

You collected 1041 gold pieces.
You spent 550 gold pieces at shops.

Inventory:

Hand weapons
 a - a +2 great mace of flaming (weapon)
 b - a +0 arbalest
 g - a cursed +0 blowgun
 m - a +0 morningstar of freezing
 s - a +1 hand axe of flaming
 x - the +1 hand axe "Vanilol" {pain, rC+ Int+2 Dex+2 Stlth-}
   (You found it on level 8 of the Dungeon)

   In the hands of one skilled in necromantic magic, it inflicts extra damage on
   living creatures.
   It affects your intelligence (+2).
   It affects your dexterity (+2).
   It protects you from cold.
   It makes you less stealthy.
 y - a +0 morningstar of draining
 T - a +1 trident of venom
Missiles
 d - 95 bolts
 j - 4 javelins of returning (quivered)
 o - 16 tomahawks
 r - 4 javelins
 t - 7 silver tomahawks
 u - 30 poisoned needles
Armour
 f - a +1 scale mail of magic resistance
 p - a +2 robe of cold resistance
 v - a +2 chain mail of fire resistance (worn)
 E - a +0 helmet (worn)
 L - a +0 cloak (worn)
 P - a +0 pair of boots (worn)
Jewellery
 l - an uncursed ring of fire
Magical devices
 q - a wand of paralysis (13)
 J - a wand of heal wounds (0)
 U - a wand of confusion (24)
 Y - a wand of digging (7)
Scrolls
 e - 2 scrolls of recharging
 i - a scroll of identify
 w - a scroll of remove curse
 A - a scroll of teleportation
 B - 2 scrolls of blinking
 N - 2 scrolls of fog
 Q - 2 scrolls of magic mapping
Potions
 c - 3 potions of curing
 k - 2 potions of agility
 C - 2 potions of magic
Comestibles
 h - 6 meat rations
 n - 19 fruits {!e}
 z - 3 chunks of flesh


   Skills:
 - Level 8.0 Fighting
 + Level 15.7 Maces & Flails
 - Level 2.2 Crossbows
 - Level 1.0 Throwing
 - Level 5.5 Armour
 - Level 3.7 Dodging
 - Level 1.0 Stealth
 - Level 1.0 Invocations
 - Level 1.0 Evocations


You had 10 spell levels left.
You knew the following spells:

 Your Spells              Type           Power        Failure   Level  Hunger
a - Summon Butterflies    Summ           #.......     100%        1    ##.....


Dungeon Overview and Level Annotations

Branches:
Dungeon (9/15)             Temple (1/1) D:6            Lair (2/8) D:8
    Orc (4/4) D:9
    Elf: Orc:3-4

Altars:
Ashenzari
Cheibriados
Dithmenos
Elyvilon
Fedhas
Gozag
Kikubaaqudgha
Makhleb
Nemelex Xobeh
Okawaru
Qazlal
Ru
Sif Muna
Trog
Vehumet
Xom
Yredelemnul
Zin
The Shining One

Shops:
D:5 !?*(   D:9 !   Orc:4 *

Annotations:
D:5 hannobal's ghost, experienced HuWr
D:8 oklob pal
Lair:2 5 exclusions, Fannar


Innate Abilities, Weirdness & Mutations

You are partially covered in rough black scales (AC +4, Dex -1).
You are partially covered in thin metallic scales (AC +2).
Your magical capacity is low (-10% MP).


Message History

2 orcs come into view.
The orc moves out of view.
There is a stone staircase leading down here. 2 orcs come into view.
The orc shouts! x2
The orc moves out of view.
The orc barely misses you.
The orc priest invokes the aid of Beogh against you.
Something smites you!
* * * LOW HITPOINT WARNING * * *
The orc hits you but does no damage.
The orc priest invokes the aid of Beogh against you.
Pain shoots through your body!
* * * LOW HITPOINT WARNING * * *
The orc barely misses you.
You hit the orc priest. You burn the orc priest.
The orc priest is moderately wounded.
The orc priest invokes the aid of Beogh against you.
Something smites you!
You die...
Fedhas appreciates your contribution to the ecosystem.

.........
...#.........
#..............
#.............#.
##...............
#................
#.....o..........
#.....>...o#......
#.......o@oo#
#............o....
##....#.....#..#.
############ ##


You could see an orc priest and 5 orcs.

Vanquished Creatures
  2 hydras
  Erica (Lair:2)
  Urug (Orc:2)
  An orc knight (Orc:2)
  An orc sorcerer (Orc:2)
  A black mamba (Lair:2)
  2 spiny frogs
  A komodo dragon (Lair:2)
  A troll (D:9)
  A two-headed ogre (D:9)
  5 slime creatures (D:9)
  6 yaks
  A wyvern (D:8)
  A deep elf fighter (D:8)
  2 wargs (D:9)
  2 wolves (Lair:1)
  A water moccasin (Lair:1)
  2 porcupines (Lair:1)
  11 ogres
  2 eyes of draining (D:9)
  A necrophage (D:9)
  An ice beast (D:4)
  2 orc warriors
  4 sky beasts
  A phantom (D:9)
  4 centaurs
  A crocodile (Lair:1)
  Duvessa (D:9)
  4 big kobolds (D:9)
  7 giant frogs
  A water moccasin zombie (D:8)
  4 scorpions
  2 killer bees (D:8)
  4 electric eels (Lair:2)
  4 wights (D:7)
  Dowan (D:9)
  2 crimson imps
  A giant frog zombie (D:8)
  Crazy Yiuf (D:7)
  9 orc priests
  4 hounds
  2 iguanas
  A jelly (D:5)
  A centaur skeleton (D:7)
  3 giant frog skeletons
  11 orc wizards
  2 gnoll shamans
  5 worker ants
  A sheep (D:9)
  A hound skeleton (D:5)
  13 mummies (Ossuary)
  4 river rats
  9 adders
  10 gnolls
  2 giant mites
  2 shadow imps
  A worm (D:3)
  3 adder zombies
  2 adder skeletons
  An ooze (D:2)
  72 orcs
  A ball python (D:1)
  2 bat skeletons
  9 hobgoblins
  17 kobolds
  11 quokkas
  25 bats
  5 giant cockroaches
  4 giant geckos
  A giant gecko skeleton (D:4)
  3 giant newts (D:1)
  4 gnoll skeletons (Ossuary)
  12 goblins
  A goblin skeleton (Ossuary)
  2 kobold skeletons (Ossuary)
  An orc skeleton (Ossuary)
  2 orc zombies (Orc:2)
  A quokka skeleton (D:9)
  17 rats
  11 rat skeletons (Ossuary)
379 creatures vanquished.

Vanquished Creatures (collateral kills)
  The ghost of emiel the Cleaver, an experienced MiFi of Okawaru (D:8)
  A komodo dragon (Lair:1)
  A troll (D:9)
  A two-headed ogre (D:8)
  A yak (D:9)
  A warg (D:9)
  A wolf (Lair:2)
  A phantom (D:9)
  An ice beast (D:9)
  An ogre (D:8)
  A sky beast (D:8)
  A wyvern skeleton (D:9)
  2 killer bees (D:8)
  A worker ant (D:9)
  A sheep (D:9)
  An adder (Lair:1)
  4 river rats (Lair:1)
  An orc (D:8)
  3 bats (D:8)
  2 rats (D:8)
  A toadstool (D:9)
28 creatures vanquished.

Vanquished Creatures (others)
  An oklob plant (D:8)
  A river rat (Lair:2)
  6 wandering mushrooms
  9 fungi
  A plant (Lair:2)
  282 toadstools
300 creatures vanquished.

Grand Total: 707 creatures vanquished

Notes
Turn   | Place    | Note
--------------------------------------------------------------
     0 | D:1      | hannobal, the Human Wanderer, began the quest for the Orb.
     0 | D:1      | hannobal set off with: a +2 scale mail, a +0 hand crossbow, a potion of curing, 29 bolts, a bread ration
     0 | D:1      | Reached XP level 1. HP: 19/19 MP: 1/1
   120 | D:1      | Reached XP level 2. HP: 23/25 MP: 2/2
   475 | D:1      | Reached skill level 1 in Maces & Flails
   483 | D:1      | Reached XP level 3. HP: 27/30 MP: 3/3
   800 | D:2      | Gained mutation: You are partially covered in thin metallic scales (AC +2). [potion of mutation]
   800 | D:2      | Gained mutation: Your magical capacity is low (-10% MP). [potion of mutation]
   800 | D:2      | Gained mutation: You are partially covered in rough black scales (AC +4, Dex -1). [potion of mutation]
   807 | D:2      | Found a blossoming altar of Fedhas.
   810 | D:2      | Found an iron altar of Okawaru.
   817 | D:2      | Became a worshipper of Fedhas Madash
  1364 | D:3      | Reached XP level 4. HP: 37/37 MP: 3/3
  1989 | D:3      | Found a bloodstained altar of Trog.
  2584 | D:4      | Reached XP level 5. HP: 37/42 MP: 4/4
  3397 | D:3      | Reached XP level 6. HP: 46/48 MP: 5/5
  3496 | D:4      | Reached skill level 5 in Maces & Flails
  3592 | D:5      | Entered Level 5 of the Dungeon
  3648 | D:5      | Noticed an ice beast
  3666 | D:4      | Killed an ice beast
  3680 | D:4      | Acquired Fedhas' first power
  3722 | D:5      | Found Zaimox's Magic Scroll Emporium.
  3723 | D:5      | Noticed hannobal's ghost (experienced HuWr)
  3760 | D:5      | Reached XP level 7. HP: 54/54 MP: 6/6
  3857 | D:5      | Found Peen's Weapon Shop.
  4001 | D:5      | Learned a level 1 spell: Summon Butterflies
  4040 | D:5      | Found Uqiwiap's Distillery.
  4169 | D:5      | Found Haxe's General Store.
  4505 | D:6      | Reached skill level 6 in Maces & Flails
  4652 | D:6      | Found a bloodstained altar of Trog.
  4685 | D:6      | Reached skill level 7 in Maces & Flails
  4685 | D:6      | Reached XP level 8. HP: 31/60 MP: 7/7
  4894 | D:6      | Found a staircase to the Ecumenical Temple.
  4905 | Temple   | Entered the Ecumenical Temple
  5380 | D:6      | Reached skill level 1 in Invocations
  5530 | D:6      | Reached skill level 8 in Maces & Flails
  6162 | D:7      | Reached skill level 9 in Maces & Flails
  6256 | D:7      | Noticed Crazy Yiuf
  6266 | D:7      | Killed Crazy Yiuf
  6319 | D:7      | Reached XP level 9. HP: 65/65 MP: 9/9
  6612 | D:8      | Got an ichor-stained hand axe
  6617 | D:8      | Found a sand-covered staircase.
  6624 | Ossuary  | Entered an ossuary
  6666 | Ossuary  | Reached skill level 10 in Maces & Flails
  6716 | Ossuary  | Identified the +1 hand axe "Vanilol" {pain, rC+ Int+2 Dex+2 Stlth-} (You found it on level 8 of the Dungeon)
  6737 | Ossuary  | Reached skill level 1 in Evocations
  7202 | D:8      | Found an ancient bone altar of Kikubaaqudgha.
  7405 | D:8      | Reached skill level 11 in Maces & Flails
  7421 | D:8      | Acquired Fedhas' second power
  7594 | D:8      | Noticed emiel's ghost (experienced MiFi)
  7694 | D:8      | Found a staircase to the Lair.
  7752 | D:8      | Killed emiel's ghost
  7752 | D:8      | Reached skill level 12 in Maces & Flails
  7752 | D:8      | Reached XP level 10. HP: 16/71 MP: 9/9
  8502 | D:8      | Acquired Fedhas' third power
  8742 | D:5      | Bought a scroll of remove curse for 30 gold pieces
  9130 | D:8      | Reached skill level 5 in Fighting
  9275 | D:9      | Found a staircase to the Orcish Mines.
  9865 | D:9      | Noticed Duvessa
  9865 | D:9      | Noticed Dowan
  9878 | D:9      | Killed Duvessa
  9897 | D:9      | Killed Dowan
  9948 | D:9      | Reached skill level 13 in Maces & Flails
 10199 | D:9      | Reached XP level 11. HP: 65/81 MP: 11/11
 10603 | D:9      | Reached skill level 14 in Maces & Flails
 10854 | D:9      | Found a bloodstained altar of Trog.
 11114 | D:9      | Found Amoteoqe's Distillery.
 11280 | D:9      | Noticed a three-headed hydra
 11297 | D:9      | Killed a three-headed hydra
 11619 | Lair:1   | Entered Level 1 of the Lair of Beasts
 12182 | Lair:1   | Acquired Fedhas' fourth power
 12438 | Lair:1   | Noticed a five-headed hydra
 12450 | Lair:1   | Killed a five-headed hydra
 12450 | Lair:1   | Reached skill level 5 in Armour
 13350 | Orc:1    | Entered Level 1 of the Orcish Mines
 14904 | Lair:2   | Noticed Erica
 14920 | Lair:2   | Killed Erica
 14920 | Lair:2   | Reached XP level 12. HP: 57/92 MP: 12/12
 15719 | Lair:2   | Reached skill level 15 in Maces & Flails
 15830 | Lair:2   | Noticed Fannar
 16379 | D:5      | Bought a scroll of acquirement for 520 gold pieces
 16910 | Orc:2    | Acquired Fedhas' fifth power
 17943 | Orc:2    | Noticed Urug
 17965 | Orc:2    | Killed Urug
 18113 | Orc:2    | You fall through a shaft!
 18213 | Orc:3    | You fall through a shaft!
 18213 | Orc:4    | Entered Level 4 of the Orcish Mines
 18213 | Orc:4    | Found Ipietrew's General Store.
 18213 | Orc:4    | Noticed an ettin
 18218 | Orc:4    | HP: 4/92 [cyclops/large rock (16)]
 18241 | Orc:1    | Killed from afar by an orc priest

Action                   |  1- 3 |  4- 6 |  7- 9 | 10-12 || total
-------------------------+-------+-------+-------+-------++-------
Melee: Mace              |    91 |   144 |   293 |       ||   528
       Spear             |       |    10 |       |       ||    10
       Flail             |       |       |   219 |   420 ||   639
       Morningstar       |       |       |       |   160 ||   160
       Unarmed           |       |       |       |    49 ||    49
       Great mace        |       |       |       |   162 ||   162
       Hand axe          |       |       |       |     4 ||     4
 Fire: Hand crossbow     |    25 |    19 |     3 |     9 ||    56
       Arbalest          |       |       |    16 |    13 ||    29
       Blowgun           |       |       |     3 |       ||     3
Throw: Tomahawk          |       |       |     9 |    14 ||    23
       Stone             |       |       |       |     3 ||     3
       Javelin           |       |       |       |    21 ||    21
Invok: Evolution         |       |       |     2 |     6 ||     8
Evoke: Wand              |       |       |     1 |     3 ||     4
  Use: Potion            |     5 |       |       |     5 ||    10
       Scroll            |     9 |     2 |     9 |    17 ||    37
 Stab: Distracted        |       |       |     1 |     1 ||     2
       Confused          |       |       |       |     4 ||     4
  Eat: Chunk             |     2 |     6 |     4 |    16 ||    28
       Beef jerky        |       |     1 |       |       ||     1
       Bread ration      |       |       |     2 |     2 ||     4
       Pizza             |       |       |     1 |     6 ||     7
